 Dungeon Crawl Stone Soup version 0.29-a0-1006-g0dd7720b37 (webtiles) character file.

Game seed: 18423585575658957672

4611 quixfox the Geomancer (level 10, 0/63 HPs)
             Began as a Gargoyle Earth Elementalist on Aug 6, 2022.
             Was a Believer of Vehumet.
             Slain by a seven-headed hydra (4 damage)
             ... on level 9 of the Dungeon.
             The game lasted 00:25:41 (8358 turns).

quixfox the Geomancer (Gargoyle Earth Elementalist) Turns: 8358, Time: 00:25:42

Health: 0/63       AC: 21    Str: 13    XL:     10   Next: 42%
Magic:  17/20      EV: 12    Int: 19    God:    Vehumet [**....]
Gold:   400        SH:  0    Dex: 10    Spells: 13/22 levels left

rFire   + . .      SeeInvis .   e - +1 short sword
rCold   . . .      Faith    .   (no shield)
rNeg    + . .      Spirit   .   l - +1 steam dragon scales
rPois   ∞          Reflect  .   p - +2 helmet
rElec   +          Harm     .   x - +0 cloak
rCorr   .          Rampage  .   (no gloves)
Will    .....                   (no boots)
Stlth   ++........              r - amulet of regeneration
HPRegen 1.00/turn               i - ring of protection from fire
MPRegen 0.17/turn               f - +4 ring of protection

@: no status effects
A: sickness immunity, AC +7, negative energy resistance 1, electricity
resistance, torment resistance 1, petrification resistance
a: Renounce Religion


You were on level 9 of the Dungeon.
You worshipped Vehumet.
Vehumet was pleased with you.
You visited 1 branch of the dungeon, and saw 9 of its levels.

You collected 400 gold pieces.

Inventory:

Hand Weapons
 e - a +1 short sword (weapon)
Armour
 l - +1 steam dragon scales (worn)
 p - a +2 helmet (worn)
 x - a +0 cloak (worn)
Jewellery
 f - a +4 ring of protection (right hand)
 g - a +6 ring of strength
 i - a ring of protection from fire (left hand)
 m - a ring of protection from cold
 q - a ring of wizardry
 r - an amulet of regeneration (around neck)
 u - a ring of positive energy
Wands
 v - a wand of iceblast (5)
Scrolls
 a - a scroll of brand weapon
 c - 5 scrolls of teleportation
 n - 4 scrolls of amnesia
Potions
 b - 4 potions of magic
 d - 3 potions of curing
 j - 2 potions of mutation
 k - 2 potions of ambrosia
 o - a potion of lignification
 s - 3 potions of brilliance
 t - a potion of heal wounds
 w - a potion of might
 z - a potion of flight


   Skills:
 + Level 7.6 Fighting
 + Level 2.3 Armour
 - Level 3.3 Dodging
 - Level 2.1 Stealth
 + Level 6.8 Spellcasting
 + Level 7.3 Conjurations
 - Level 0.7 Transmutations
 + Level 2.3 Fire Magic
 + Level 9.3 Earth Magic


You had 13 spell levels left.
You knew the following spells:

 Your Spells              Type           Power      Damage    Failure   Level
a - Sandblast             Erth           82%        2d17      1%          1
b - Passwall              Tmut/Erth      20%        N/A       1%          2
c - Stone Arrow           Conj/Erth      76%        3d11      1%          3
d - Inner Flame           Hex/Fire       11%        N/A       19%         3

Your spell library contained the following spells:

 Spells                   Type           Power      Damage    Failure   Level
 Sting                    Tmut/Pois      28%        1d4       9%          1
 Petrify                  Tmut/Erth      25%        N/A       13%         4
 Poisonous Vapours        Pois/Air       12%        N/A       16%         2
 Confusing Touch          Hex            6%         N/A       30%         3
 Gell's Gravitas          Tloc           6%         N/A       30%         3
 Lesser Beckoning         Tloc           6%         N/A       30%         3
 Teleport Other           Tloc           6%         N/A       30%         3
 Olgreb's Toxic Radiance  Pois           6%         N/A       71%         4
 Yara's Violent Unravell  Hex/Tmut       3%         3d4       94%         5
 Enfeeble                 Hex            3%         N/A       100%        7


Dungeon Overview and Level Annotations

Branches:
Dungeon (9/15)             Temple (0/1) D:5
   Lair: D:8-11         Orc: D:9-12

Altars:
Elyvilon
Fedhas
Okawaru
Vehumet
Xom

Shops:
D:5 !   D:6 *


Innate Abilities, Weirdness & Mutations

You are immune to sickness and miasma.
Your stone body is resilient. (AC +7)
You are immune to poison.
You resist negative energy. (rN+)
You are resistant to electric shocks. (rElec)
You are resistant to unholy torment.
You are immune to petrification.


Message History

The seven-headed hydra bites you but does no damage. x3
The seven-headed hydra barely misses you.
The seven-headed hydra bites you but does no damage. x2
The seven-headed hydra bites you.
The seven-headed hydra bites you but does no damage.
Aiming: Sandblast (safe; 1% risk of failure)
Press: ? - help, Q - select action, (/) - cycle Shift-Dir - straight line, f/p - seven-headed hydra
Aim: a seven-headed hydra (heavily wounded, 95% to hit)
The blast of sand hits the seven-headed hydra!
The seven-headed hydra is severely wounded.
The seven-headed hydra misses you.
The seven-headed hydra bites you but does no damage.
The seven-headed hydra closely misses you.
The seven-headed hydra bites you but does no damage.
The seven-headed hydra barely misses you.
The seven-headed hydra closely misses you.
The seven-headed hydra bites you.
The seven-headed hydra closely misses you.
The seven-headed hydra bites you but does no damage. x3
The seven-headed hydra bites you. The seven-headed hydra bites you!
The seven-headed hydra bites you but does no damage.
Aiming: Sandblast (safe; 1% risk of failure)
Press: ? - help, Q - select action, (/) - cycle Shift-Dir - straight line, f/p - seven-headed hydra
Aim: a seven-headed hydra (severely wounded, 95% to hit)
The blast of sand misses the seven-headed hydra.
The seven-headed hydra bites you but does no damage.
The seven-headed hydra bites you!
* * * LOW HITPOINT WARNING * * *
The seven-headed hydra closely misses you.
The seven-headed hydra bites you!
* * * LOW HITPOINT WARNING * * *
The seven-headed hydra bites you but does no damage.
The seven-headed hydra completely misses you.
The seven-headed hydra bites you but does no damage. x2
The seven-headed hydra closely misses you.
The seven-headed hydra bites you.
* * * LOW HITPOINT WARNING * * *
The seven-headed hydra bites you but does no damage.
The seven-headed hydra bites you.
You die...

..###......# ##.##
#.###......# #.#
.....(###### #.#
#.##### #.#
#.####### ##.##
........# #)#.#
#.#####.# ##.##
#.#####.## #D#
.........#######@#
#.#####..........#
#.......##########
#########


You could see a seven-headed hydra.

Vanquished Creatures
  A two-headed ogre (D:9)
  Maggie (D:7)
  A troll (D:5)
  Grinder (D:4)
  Sigmund (D:2)
  4 yaks (D:9)
  2 water moccasins (D:6)
  2 black bears
  2 ice beasts
  An orc warrior (D:6)
  An ogre (D:5)
  3 centaurs
  3 kobold brigands
  2 bullfrogs
  3 necrophages
  3 wights (D:8)
  A scorpion (D:5)
  2 lava snakes (D:8)
  An orc priest (D:3)
  6 hounds
  2 jellies
  3 iguanas
  3 orc wizards
  Robin (D:2)
  10 gnolls
  12 adders
  5 shadow imps
  2 white imps
  An ufetubus (D:3)
  3 worms
  2 dart slugs (D:2)
  17 orcs
  5 endoplasms
  3 giant cockroaches (D:2)
  9 hobgoblins
  7 quokkas
  5 ball pythons
  5 bats
  6 frilled lizards
  13 goblins
  19 kobolds
  3 rats
177 creatures vanquished.

Vanquished Creatures (others)
  8 fungi (D:4)
  4 toadstools (D:1)
12 creatures vanquished.

Grand Total: 189 creatures vanquished

Notes
Turn   | Place    | Note
-------+----------+-------------------------------------------
     0 | D:1      | quixfox the Gargoyle Earth Elementalist began the quest for
                  | the Orb.
     0 | D:1      | Reached XP level 1. HP: 10/10 MP: 3/3
   179 | D:1      | Reached XP level 2. HP: 16/16 MP: 0/5
   360 | D:1      | Reached skill level 1 in Fighting
   407 | D:1      | Found a faded altar of an unknown god.
   534 | D:2      | Reached skill level 4 in Earth Magic
   688 | D:2      | Reached XP level 3. HP: 20/20 MP: 4/6
   692 | D:2      | Learned a level 2 spell: Passwall
   696 | D:2      | Learned a level 3 spell: Stone Arrow
   752 | D:2      | Noticed Sigmund
   765 | D:2      | Killed Sigmund
   766 | D:2      | Reached XP level 4. HP: 10/27 MP: 3/8
   766 | D:2      | Reached XP level 5. HP: 11/31 MP: 3/9
   997 | D:2      | Reached skill level 5 in Earth Magic
  1233 | D:2      | Found a white marble altar of Elyvilon.
  1350 | D:2      | Reached XP level 6. HP: 27/37 MP: 3/11
  1686 | D:2      | Noticed Robin
  1722 | D:2      | Killed Robin
  2215 | D:3      | Found a radiant altar of Vehumet.
  2222 | D:3      | Became a worshipper of Vehumet
  2984 | D:3      | Found a blossoming altar of Fedhas.
  2984 | D:3      | Found an iron altar of Okawaru.
  3258 | D:4      | Noticed a black bear
  3261 | D:4      | Killed a black bear
  3262 | D:4      | Reached XP level 7. HP: 42/42 MP: 9/12
  3443 | D:4      | Noticed Grinder
  3444 | D:4      | Paralysed by Grinder for 5 turns
  3453 | D:4      | Paralysed by Grinder for 4 turns
  3459 | D:4      | Killed Grinder
  3459 | D:4      | Reached * piety under Vehumet
  3459 | D:4      | Offered knowledge of Freeze by Vehumet.
  3460 | D:4      | Reached skill level 6 in Earth Magic
  4173 | D:5      | Entered Level 5 of the Dungeon
  4185 | D:5      | Reached XP level 8. HP: 48/48 MP: 10/14
  4421 | D:5      | Found a staircase to the Ecumenical Temple.
  4459 | D:5      | Reached skill level 5 in Fighting
  4717 | D:5      | Reached skill level 7 in Earth Magic
  4757 | D:5      | Found Biwiung's Distillery.
  4924 | D:5      | Noticed a troll
  4929 | D:5      | Killed a troll
  4930 | D:5      | Reached skill level 5 in Spellcasting
  4930 | D:5      | Reached skill level 5 in Conjurations
  5225 | D:6      | Reached XP level 9. HP: 55/55 MP: 13/17
  5711 | D:6      | Reached skill level 8 in Earth Magic
  5992 | D:6      | Reached ** piety under Vehumet
  6132 | D:6      | Found Ecuga's Elemental Accessories.
  6305 | D:7      | Offered knowledge of Searing Ray by Vehumet.
  6737 | D:7      | Noticed Maggie
  6752 | D:7      | Killed Maggie
  7630 | D:8      | Offered knowledge of Inner Flame by Vehumet.
  7635 | D:8      | Learned a level 3 spell: Inner Flame
  7741 | D:8      | Reached XP level 10. HP: 63/63 MP: 17/19
  7928 | D:8      | Found a shimmering altar of Xom.
  8130 | D:9      | Reached skill level 1 in Armour
  8130 | D:9      | Reached skill level 1 in Fire Magic
  8134 | D:9      | Reached skill level 9 in Earth Magic
  8228 | D:9      | Noticed a two-headed ogre
  8234 | D:9      | Killed a two-headed ogre
  8311 | D:9      | Noticed a seven-headed hydra
  8311 | D:9      | Noticed a two-headed ogre
  8358 | D:9      | Slain by a seven-headed hydra

Illustrated notes

Levels and vault maps discovered:
D:1:      ldierk_walled_garden_2, layout_rooms, ebering_ecumenical_altar_box
D:2:      layout_loops_ring, basic_altar, kennysheep_nondescript,
          kennysheep_generic_room_15, uniq_sigmund, uniq_robin
D:3:      layout_loops_ring, mainiacjoe_overflow_six_doors_small,
          gammafunk_temple_overflow_pools
D:4:      layout_loops_ring, serial_aquarium, aquarium_bridge_straight
          [aquarium_subvault_bridge, aquarium_subvault_wall,
          aquarium_subvault_bridge, aquarium_subvault_wall],
          aquarium_bridge_straight [aquarium_subvault_bridge,
          aquarium_subvault_window, aquarium_subvault_bridge,
          aquarium_subvault_window], aquarium_window_3, aquarium_window_2,
          aquarium_view_2d, aquarium_pool_2, kennysheep_cluttered_room,
          uniq_grinder
D:5:      layout_loops_ring, minmay_temple_entry_antechambers, serial_shops,
          nicolae_shop_trees
D:6:      layout_layer_cave, eino_tiny_chamber, nicolae_elemental_shop
D:7:      layout_basic, uniq_maggie
D:8:      layout_loops_ring, mainiacjoe_overflow_tiny_flanked, kennysheep_donut
D:9:      minmay_spotlight, layout_loops_cross

Skill      XL: |  1  2  3  4  5  6  7  8  9 10 |
---------------+-------------------------------+-----
Fighting       | 1 2 3 4 5 7 |  7.6
Earth Magic    | 4 5 6 7 8 9 |  9.3
Spellcasting   | 3 4 5 6 |  6.8
Conjurations   | 2 3 4 5 6 7 |  7.3
Dodging        | 3 |  3.3
Armour         | 2 |  2.3
Fire Magic     | 2 |  2.3
Stealth        | |  2.1
Transmutations | |  0.7

Action                   |  1- 3 |  4- 6 |  7- 9 | 10-12 || total
-------------------------+-------+-------+-------+-------++-------
Melee: Short sword       |       |     1 |       |       ||     1
 Cast: Sandblast         |    30 |    86 |   191 |    30 ||   337
Evoke: Wand              |       |       |     8 |       ||     8
  Use: Scroll            |       |    10 |     7 |     2 ||    19
       Potion            |       |       |     3 |     1 ||     4
Armor: Robe              |     3 |    20 |    70 |       ||    93
       Steam dragon scal |       |       |    14 |    44 ||    58
Dodge: Dodged            |     4 |    11 |   107 |    43 ||   165

Table legend: (Time is in decaauts)
 A = Elapsed time spent in this place.
 B = Non-inter-level travel time spent in this place.
 C = Inter-level travel time spent in this place.
 D = Time resting spent in this place.
 E = Time spent auto-exploring this place.
 F = Levels seen in this place.
 G = Mean time per level.
                   A        B        C        D        E       F      G
               +--------+--------+--------+--------+--------+-----+--------+
         Total |   8677 |   8452 |    225 |   1215 |   4722 |   9 |  964.1 |
       Dungeon |   8677 |   8452 |    225 |   1215 |   4722 |   9 |  964.1 |
               +--------+--------+--------+--------+--------+-----+--------+

Top non-repeatable levels by time:
     D:2: 1728 daAuts
     D:6: 1183 daAuts
     D:3: 1083 daAuts
     D:5: 988 daAuts
     D:7: 955 daAuts
     D:8: 950 daAuts
     D:4: 937 daAuts
     D:1: 550 daAuts
     D:9: 299 daAuts
